 Dungeon Crawl Stone Soup version 0.27.1-33-g824d729ab1 (webtiles) character file.

Game seed: 6676861439297853438

4593 zeram the Blocker (level 10, -1/91 HPs)
             Began as a Hill Orc Fighter on Nov 25, 2021.
             Was an Initiate of Gozag.
             Slain by a komodo dragon (24 damage)
             ... on level 9 of the Dungeon.
             The game lasted 00:15:13 (7984 turns).

zeram the Blocker (Hill Orc Fighter)                Turns: 7984, Time: 00:15:13

Health: -1/91      AC: 16    Str: 23    XL:     10   Next: 41%
Magic:  10/10      EV: 11    Int:  8    God:    Gozag
Gold:   607        SH: 17    Dex: 10    Spells: 9/9 levels left

rFire    . . .     SeeInvis +   q - +7 trident
rCold    . . .     Faith    .   c - +0 kite shield
rNeg     . . .     Spirit   .   B - +0 swamp dragon scales
rPois    +         Reflect  +   h - +2 hat
rElec    .         Harm     .   m - +2 cloak {rPois}
rCorr    .         Rampage  .   s - +0 pair of gloves
Will     .....                  (no boots)
Stlth    ..........             A - amulet of reflection
HPRegen  0.25/turn              l - ring of see invisible
MPRegen  0.12/turn              (no ring)

@: no status effects
A: no striking features
a: Renounce Religion, Potion Petition, Call Merchant, Bribe Branch


You were on level 9 of the Dungeon.
You worshipped Gozag.
Gozag was pleased with you.
You visited 2 branches of the dungeon, and saw 10 of its levels.
You also visited: Ossuary.

You collected 735 gold pieces.
You paid 128 gold pieces to Gozag.

Inventory:

Hand Weapons
 a - a +1 war axe of chaos
 q - a +7 trident (weapon)
Missiles
 i - 327 stones (quivered)
Armour
 b - a +1 scale mail
 c - a +0 kite shield (worn)
 h - a +2 hat (worn)
 k - a +2 robe of the Archmagi
 m - a +2 cloak of poison resistance (worn)
 s - a +0 pair of gloves (worn)
 B - +0 swamp dragon scales (worn)
Jewellery
 e - an amulet of regeneration
 l - a ring of see invisible (left hand)
 n - a ring of fire
 A - an amulet of reflection (around neck)
 G - an amulet of guardian spirit
Wands
 w - a wand of flame (62)
 C - a wand of iceblast (14)
 D - a wand of paralysis (6)
Scrolls
 g - 2 scrolls of fog
 v - 4 scrolls of magic mapping
 x - a scroll of silence
 y - a scroll of teleportation
 E - a scroll of blinking {unknown}
 F - a scroll of torment {unknown}
 H - a scroll of identify
Potions
 d - 2 potions of might
 f - 8 potions of curing
 j - 2 potions of resistance {unknown}
 o - a potion of magic
 p - a potion of berserk rage
 r - 3 potions of heal wounds
 t - 3 potions of invisibility
 u - a potion of cancellation
 z - a potion of mutation {unknown}


   Skills:
 + Level 9.1 Fighting
 - Level 5.1 Axes
 + Level 8.5 Armour
 + Level 4.2 Dodging
 + Level 10.5 Shields


You had 9 spell levels left.
You didn't know any spells.
Your spell library contained the following spells:

 Spells                   Type           Power      Damage    Failure   Level
 Ensorcelled Hibernation  Hex/Ice        0%         N/A       86%         2
 Static Discharge         Conj/Air       0%         N/A       86%         2
 Spider Form              Tmut/Pois      0%         N/A       98%         3
 Dispel Undead            Necr           0%         3d6       100%        4
 Sticky Flame             Conj/Fire      0%         2d3       100%        4
 Shadow Creatures         Summ           N/A        N/A       100%        6


Dungeon Overview and Level Annotations

Branches:
Dungeon (9/15)             Temple (1/1) D:5             Orc (0/2) D:9
Ossuary (visited)
   Lair: D:8-11

Altars:
Ashenzari
Cheibriados
Dithmenos
Elyvilon
Fedhas
Gozag
Hepliaklqana
Kikubaaqudgha
Makhleb
Nemelex Xobeh
Okawaru
Qazlal
Ru
Sif Muna
Trog
Uskayaw
Vehumet
Wu Jian
Xom
Yredelemnul
Zin
The Shining One
Beogh

Annotations:
D:9 3 runed translucent doors, VictoriousLee's ghost, journeyman DrAE


Message History

You block the komodo dragon's attack. x2
You hit the komodo dragon.
The komodo dragon is heavily wounded.
The komodo dragon barely misses you.
You hit the komodo dragon but do no damage.
The komodo dragon is heavily wounded.
The komodo dragon closely misses you.
You puncture the komodo dragon!
The komodo dragon is severely wounded.
You block the komodo dragon's attack.
You hit the komodo dragon but do no damage.
The komodo dragon is severely wounded.
You block the komodo dragon's attack. x2
You hit the komodo dragon.
The komodo dragon is severely wounded.
The komodo dragon barely misses you.
You hit the komodo dragon.
The komodo dragon is severely wounded.
You block the komodo dragon's attack.
You barely miss the komodo dragon.
The komodo dragon is severely wounded.
You block the komodo dragon's attack.
You hit the komodo dragon but do no damage.
The komodo dragon is severely wounded.
The komodo dragon closely misses you. You block the komodo dragon's attack.
You hit the komodo dragon but do no damage.
The komodo dragon is severely wounded.
The komodo dragon barely misses you.
You barely miss the komodo dragon.
The komodo dragon is severely wounded.
The komodo dragon bites you!!
* * * LOW HITPOINT WARNING * * *
You puncture the komodo dragon!
The komodo dragon is almost dead.
You block the komodo dragon's attack.
You closely miss the komodo dragon.
The komodo dragon is almost dead.
The komodo dragon bites you!!
You die...
Your body crumbles into a pile of gold.

##..+. .. ..# .# #...+W
.. #.##.## #...#.#. ###.
......### #.###.#( .....
...._....#.. #.##
.....##._........#####.#
.....................##.#
.......l$..8.._......##.#
...$. #.@............##.#
..... ##._..._.......##.#
...... #.......#..>..##.#
......##.#....##........#
.......$.##.#...........#
....###.................#
........................#
.....................#..#
$
........))......##..###..


You could see a komodo dragon.

Vanquished Creatures
  Maurice (D:8)
  Joseph (D:8)
  Maggie (D:6)
  A hornet (D:9)
  A steam dragon (D:6)
  Edmund (D:6)
  An acid dragon (D:9)
  A water moccasin (D:5)
  4 orc warriors
  3 sky beasts
  2 black bears
  An ice beast (D:8)
  4 ogres
  2 kobold brigands (D:7)
  2 bullfrogs
  A wyvern zombie (D:6)
  4 scorpions
  4 water moccasin zombies (Ossuary)
  The ghost of elongatedgoose the Sneak, a weakling SpBr of Nemelex Xobeh (D:3)
  2 bullfrog zombies
  4 orc priests
  Crazy Yiuf (D:3)
  3 jellies
  A centaur skeleton (D:6)
  4 bullfrog skeletons
  2 iguanas
  A scorpion zombie (D:5)
  4 orc wizards
  A hound zombie (D:5)
  A hound skeleton (D:4)
  2 mummies (Ossuary)
  7 adders
  A shadow imp (D:6)
  A white imp (D:5)
  2 adder zombies (Ossuary)
  A worm (D:4)
  A dart slug (D:2)
  31 orcs
  4 ball pythons
  9 endoplasms
  2 giant cockroaches
  7 goblins
  7 hobgoblins
  2 quokkas
  8 bats
  7 frilled lizards
  3 gnoll zombies (Ossuary)
  11 hobgoblin zombies (Ossuary)
  17 kobolds
  7 kobold zombies (Ossuary)
  5 orc zombies (Ossuary)
  13 rats
208 creatures vanquished.

Vanquished Creatures (collateral kills)
  2 orcs (D:6)
2 creatures vanquished.

Vanquished Creatures (others)
  13 plants (D:9)
13 creatures vanquished.

Grand Total: 223 creatures vanquished

Notes
Turn   | Place    | Note
-------+----------+-------------------------------------------
     0 | D:1      | zeram the Hill Orc Fighter began the quest for the Orb.
     0 | D:1      | Reached XP level 1. HP: 19/19 MP: 1/1
   116 | D:1      | Reached XP level 2. HP: 3/27 MP: 2/2
   684 | D:1      | Reached XP level 3. HP: 33/33 MP: 3/3
  1217 | D:2      | Reached XP level 4. HP: 40/40 MP: 4/4
  1360 | D:2      | Reached skill level 4 in Shields
  1555 | D:3      | Found a runed translucent door.
  1556 | D:3      | Noticed Crazy Yiuf
  1670 | D:3      | Found a runed translucent gate.
  1671 | D:3      | Identified the +2 leather armour of Claustrophobia
                  | {*Corrode Slay+5}
  1673 | D:3      | Found a runed translucent gate.
  1674 | D:3      | Found a runed translucent gate.
  1676 | D:3      | Noticed elongatedgoose's ghost (weakling SpBr)
  1678 | D:3      | Found a roughly hewn altar of Beogh.
  1712 | D:3      | Reached XP level 5. HP: 12/47 MP: 5/5
  1713 | D:3      | Killed elongatedgoose's ghost
  1715 | D:3      | HP: 2/47 [orc (13)]
  2238 | D:3      | Found a faded altar of an unknown god.
  2381 | D:3      | Killed Crazy Yiuf
  2382 | D:3      | Reached skill level 5 in Axes
  2524 | D:4      | Reached XP level 6. HP: 51/53 MP: 6/6
  2610 | D:4      | Reached skill level 1 in Dodging
  2614 | D:4      | Found a sand-covered staircase.
  2629 | Ossuary  | Entered an ossuary
  2695 | Ossuary  | Reached skill level 5 in Fighting
  2704 | Ossuary  | Reached skill level 5 in Shields
  2704 | Ossuary  | Reached XP level 7. HP: 60/61 MP: 7/7
  2909 | D:4      | Reached skill level 5 in Armour
  3390 | D:5      | Entered Level 5 of the Dungeon
  3402 | D:5      | Reached skill level 6 in Shields
  3417 | D:5      | Reached XP level 8. HP: 55/70 MP: 8/8
  3464 | D:5      | Found a staircase to the Ecumenical Temple.
  3936 | D:5      | Reached skill level 7 in Shields
  4304 | D:6      | Reached XP level 9. HP: 79/79 MP: 9/9
  4308 | D:6      | Noticed Maggie
  4325 | D:6      | Killed Maggie
  4326 | D:6      | Reached skill level 8 in Shields
  5342 | D:6      | Noticed Edmund
  5352 | D:6      | Killed Edmund
  5353 | D:6      | Reached skill level 9 in Shields
  5708 | Temple   | Entered the Ecumenical Temple
  5807 | Temple   | Became a worshipper of Gozag Ym Sagoz the Greedy
  6856 | D:8      | Noticed Maurice
  6876 | D:8      | Killed Maurice
  6877 | D:8      | Reached skill level 10 in Shields
  6877 | D:8      | Reached XP level 10. HP: 54/90 MP: 10/10
  7084 | D:8      | Found an ornate altar of the Wu Jian Council.
  7155 | D:8      | Noticed Joseph
  7164 | D:8      | Killed Joseph
  7865 | D:9      | Found a runed translucent gate.
  7865 | D:9      | Found a runed translucent gate.
  7865 | D:9      | Found a runed translucent gate.
  7866 | D:9      | Noticed VictoriousLee's ghost (journeyman DrAE)
  7870 | D:9      | Found a burning altar of Makhleb.
  7882 | D:9      | Found a staircase to the Orcish Mines.
  7885 | D:9      | Found a hide-covered altar of Uskayaw.
  7895 | D:9      | Found a shadowy altar of Dithmenos.
  7949 | D:9      | Found a shimmering altar of Xom.
  7950 | D:9      | Found a sparkling altar of Nemelex Xobeh.
  7984 | D:9      | Slain by a komodo dragon

Illustrated notes

Levels and vault maps discovered:
D:1:      dpeg_arrival_stone_temple_mockup, layout_basic,
          roderic_serpentine_path, corner_web_ring, minmay_tripent
D:2:      layout_rooms
D:3:      layout_loops_cross, shapermc_ecumenical_altar_acropolis,
          biasface_ghost_orc_armoury, wad_orctagon, uniq_crazy_yiuf_cottage
D:4:      layout_basic, nicolae_ossuary_entry_ruins, minivault_11
D:5:      layout_loops_corners, minmay_temple_entry_poolview,
          serial_park_tiny_1, grunt_tough_drop
D:6:      layout_gridville, serial_rivers, chequers_serial_rivers_room_b,
          chequers_serial_rivers_small_a, chequers_serial_rivers_micro_d,
          chequers_serial_rivers_room_a, uniq_edmund, uniq_maggie
D:7:      layout_basic
D:8:      layout_loops_ring, mainiacjoe_overflow_six_doors_small, uniq_joseph,
          uniq_maurice
D:9:      layout_rooms, grunt_temple_overflow_open, david_lair_shrubbed,
          ebering_ghost_rock_garden, kennysheep_generic_room_2
Temple:   lightli_temple_of_artemis

Skill      XL: |  1  2  3  4  5  6  7  8  9 10 |
---------------+-------------------------------+-----
Axes           | 3 4 5 |  5.1
Fighting       | 4 5 6 7 8 9 |  9.1
Shields        | 4 5 6 7 10 | 10.5
Armour         | 4 5 6 8 |  8.5
Dodging        | 1 2 4 |  4.2

Action                   |  1- 3 |  4- 6 |  7- 9 | 10-12 || total
-------------------------+-------+-------+-------+-------++-------
Melee: War axe           |    99 |    82 |       |       ||   181
       Unarmed           |       |     4 |       |       ||     4
       Trident           |       |    55 |   340 |   100 ||   495
  Use: Potion            |     1 |     5 |     3 |     1 ||    10
       Scroll            |     5 |     4 |    11 |       ||    20
 Stab: Distracted        |       |       |     1 |     1 ||     2
Armor: Scale mail        |    44 |    61 |    66 |       ||   171
       Swamp dragon scal |       |       |    47 |    16 ||    63
Dodge: Dodged            |    26 |    29 |    82 |    33 ||   170
Block: Kite shield       |    60 |    76 |   211 |    75 ||   422
       Reflection        |       |       |     1 |     2 ||     3
